 Dungeon Crawl Stone Soup version 0.28-a0-628-g3c9886e45e (webtiles) character file.

Game seed: 8975846337249752474

5775 bande the Cleaver (level 10, -12/63 HPs)
             Began as a Gargoyle Fighter on Oct 8, 2021.
             Was a Follower of Okawaru.
             Mangled by a gargoyle (16 damage)
             ... on level 8 of the Dungeon.
             The game lasted 00:18:50 (10496 turns).

bande the Cleaver (Gargoyle Fighter)               Turns: 10496, Time: 00:18:50

Health: -12/63     AC: 28    Str: 21    XL:     10   Next: 78%
Magic:  11/11      EV:  6    Int:  9    God:    Okawaru [*.....]
Gold:   284        SH:  7    Dex: 14    Spells: 9/9 levels left

rFire   . . .      SeeInvis +   v - +1 hand axe (vorpal)
rCold   . . .      Faith    .   c - +1 buckler
rNeg    + . .      Spirit   .   j - +0 plate armour
rPois   ∞          Reflect  .   w - +2 helmet {SInv}
rElec   +          Harm     .   (no cloak)
rCorr   .          Rampage  .   f - +1 pair of gloves {Dex+3}
Will    +....                   C - +1 pair of boots
Stlth   ..........              (no amulet)
HPRegen 0.20/turn               t - ring of willpower
MPRegen 0.12/turn               (no ring)

@: no status effects
A: sickness immunity, AC +7, negative energy resistance 1, electricity
resistance, torment resistance 1, petrification resistance
a: Renounce Religion, Heroism


You were on level 8 of the Dungeon.
You worshipped Okawaru.
Okawaru was aware of your devotion.
You visited 2 branches of the dungeon, and saw 9 of its levels.

You collected 339 gold pieces.
You spent 55 gold pieces at shops.

Inventory:

Hand Weapons
 a - a +1 war axe
 v - a +1 vorpal hand axe (weapon)
 y - a +2 flail of draining
Missiles
 n - 3 throwing nets (quivered)
Armour
 c - a +1 buckler (worn)
 f - a +1 pair of gloves of dexterity (worn)
 j - a +0 plate armour (worn)
 w - a +2 helmet of see invisible (worn)
 C - a +1 pair of boots (worn)
Jewellery
 t - a ring of willpower (left hand)
 D - an amulet of magic regeneration
Wands
 p - a wand of iceblast (8)
 q - a wand of acid (13)
Scrolls
 h - 2 scrolls of fog
 i - 3 scrolls of enchant armour
 r - a scroll of blinking
 s - a scroll of magic mapping
 x - 3 scrolls of identify
 B - a scroll of brand weapon {unknown}
Potions
 b - a potion of heal wounds
 d - a potion of might
 e - 2 potions of flight
 g - 2 potions of haste
 k - 6 potions of curing
 l - 3 potions of brilliance {unknown}
 m - 2 potions of attraction {unknown}
 o - a potion of degeneration {unknown}
 u - 2 potions of lignification {unknown}
 z - a potion of magic {unknown}
 A - a potion of ambrosia {unknown}


   Skills:
 + Level 7.5 Fighting
 + Level 9.6 Axes
 + Level 7.8 Armour
 - Level 0.2 Dodging
 + Level 6.6 Shields
 * Level 1.9 Invocations
 * Level 5.0 Evocations


You had 9 spell levels left.
You didn't know any spells.
Your spell library contained the following spells:

 Spells                   Type           Power      Damage    Failure   Level
 Ensorcelled Hibernation  Hex/Ice        0%         N/A       100%        2
 Orb of Destruction       Conj           0%         N/A       100%        7
 Summon Guardian Golem    Hex/Summ       Unusable   N/A       N/A         3
 Tukima's Dance           Hex            Unusable   N/A       N/A         3
 Spellforged Servitor     Conj/Summ      Unusable   N/A       N/A         7

Dungeon Overview and Level Annotations

Branches:
Dungeon (8/15)             Temple (1/1) D:7
   Lair: D:8-11

Altars:
Ashenzari
Cheibriados
Fedhas
Gozag
Kikubaaqudgha
Okawaru
Qazlal
Ru
Sif Muna
Trog
Yredelemnul
The Shining One

Shops:
D:6 :   D:7 (   D:8 !

Annotations:
D:4 3 runed translucent doors, AlleluiaPinecone's ghost, amateur VSBr


Innate Abilities, Weirdness & Mutations

You are immune to sickness and miasma.
Your stone body is resilient. (AC +7)
You are immune to poison.
You resist negative energy. (rN+)
You are resistant to electric shocks. (rElec)
You are resistant to unholy torment.
You are immune to petrification.


Message History

The gargoyle hits you with a +0 flail.
* * * LOW HITPOINT WARNING * * *
You hit the gargoyle but do no damage.
The gargoyle is heavily damaged.
The gargoyle hits you but does no damage.
You feel much better. The gargoyle barely misses you.
You hit the gargoyle but do no damage.
The gargoyle is heavily damaged.
The gargoyle hits you with a +0 flail.
You hit the gargoyle but do no damage.
The gargoyle is heavily damaged.
The gargoyle hits you but does no damage.
You hit the gargoyle but do no damage.
The gargoyle is heavily damaged.
You hit the gargoyle but do no damage.
The gargoyle is heavily damaged.
The gargoyle hits you but does no damage.
You hit the gargoyle but do no damage.
The gargoyle is heavily damaged.
The gargoyle hits you with a +0 flail.
You hit the gargoyle but do no damage.
The gargoyle is heavily damaged.
The gargoyle hurls a stone arrow at you.
The stone arrow hits you!
You hit the gargoyle but do no damage.
The gargoyle is heavily damaged.
The gargoyle hits you but does no damage.
You hit the gargoyle but do no damage.
The gargoyle is heavily damaged.
The gargoyle hits you with a +0 flail!
* * * LOW HITPOINT WARNING * * *
You barely miss the gargoyle.
The gargoyle is heavily damaged.
You hit the gargoyle.
The gargoyle is heavily damaged.
The gargoyle barely misses you.
You hit the gargoyle but do no damage.
The gargoyle is heavily damaged.
The gargoyle hits you with a +0 flail!
You die...

### #### ... $.#
.##.#.# #.#
......9##.######
## .. #@.......#
#. .. ..
##..####.########.
#.#.# ##.#
#..).......
.###.#.# .## ..#
##########. ......
#.#.### #. #...#
#..# #####.
#...########.#
#.....
#........[##.#
#.##.#
###...#####.##.#
#.#


You could see a gargoyle.

Vanquished Creatures
  Harold (D:7)
  A two-headed ogre (D:8)
  Pikel (D:7)
  Prince Ribbit (D:8)
  5 humans
  Menkaure (D:6)
  An acid dragon (D:6)
  2 water moccasins
  A sky beast (D:6)
  An orc warrior (D:6)
  2 black bears (D:5)
  A hornet zombie (D:7)
  2 ice beasts
  A centaur (D:8)
  3 ogres
  A necrophage (D:7)
  A phantom (D:5)
  4 lemures (D:6)
  3 bullfrogs
  A water moccasin zombie (D:3)
  3 scorpions
  4 wights (D:7)
  6 howler monkeys
  5 hounds
  A jelly (D:6)
  A gnoll shaman (D:3)
  2 orc priests (D:8)
  4 centaur skeletons
  An iguana (D:5)
  A scorpion zombie (D:4)
  4 orc wizards (D:8)
  A killer bee zombie (D:6)
  A hound skeleton (D:4)
  A hound zombie (D:5)
  11 gnolls
  A howler monkey skeleton (D:5)
  6 adders
  A white imp (D:6)
  An ufetubus (D:6)
  An adder skeleton (D:2)
  2 worms (D:2)
  2 dart slugs
  21 orcs
  A bat zombie (D:2)
  4 endoplasms
  3 giant cockroaches
  5 hobgoblins
  7 jackals
  2 quokkas
  8 ball pythons
  A ball python skeleton (D:2)
  5 bats
  4 frilled lizards
  A giant cockroach zombie (D:2)
  3 goblins (D:1)
  6 kobolds
  3 rats
168 creatures vanquished.

Vanquished Creatures (others)
  A shadow (D:7)
  2 withered plants (D:2)
3 creatures vanquished.

Grand Total: 171 creatures vanquished

Notes
Turn   | Place    | Note
-------+----------+-------------------------------------------
     0 | D:1      | bande the Gargoyle Fighter began the quest for the Orb.
     0 | D:1      | Reached XP level 1. HP: 14/14 MP: 1/1
   129 | D:1      | Reached XP level 2. HP: 16/19 MP: 2/2
   547 | D:1      | Reached skill level 2 in Axes
   871 | D:1      | Reached XP level 3. HP: 20/23 MP: 3/3
  1455 | D:2      | Reached XP level 4. HP: 29/29 MP: 4/4
  1912 | D:3      | Reached skill level 3 in Axes
  1912 | D:3      | Reached XP level 5. HP: 31/33 MP: 5/5
  2271 | D:3      | Reached skill level 4 in Axes
  2271 | D:3      | Reached XP level 6. HP: 3/38 MP: 6/6
  2815 | D:4      | Found a runed translucent gate.
  2818 | D:4      | Found a runed translucent gate.
  2819 | D:4      | Found a runed translucent gate.
  2843 | D:4      | Noticed AlleluiaPinecone's ghost (amateur VSBr)
  3503 | D:5      | Entered Level 5 of the Dungeon
  3503 | D:5      | Noticed a black bear
  3517 | D:5      | Killed a black bear
  3518 | D:5      | Reached skill level 5 in Axes
  3518 | D:5      | Reached XP level 7. HP: 32/44 MP: 7/7
  4018 | D:5      | Reached skill level 5 in Armour
  4413 | D:5      | Reached skill level 5 in Shields
  4541 | D:5      | Reached skill level 5 in Fighting
  4541 | D:5      | Reached skill level 6 in Axes
  4541 | D:5      | Reached XP level 8. HP: 30/49 MP: 8/8
  4670 | D:5      | Identified a scroll of acquirement
  4670 | D:5      | Acquired a +1 pair of gloves of dexterity
  5600 | D:6      | Reached skill level 1 in Evocations
  5985 | D:6      | Found Yluobis's Book Boutique.
  6267 | D:6      | Noticed Menkaure
  6278 | D:6      | Killed Menkaure
  6279 | D:6      | Reached skill level 7 in Axes
  6806 | D:6      | Reached XP level 9. HP: 54/55 MP: 9/9
  6961 | D:7      | Acquired a +2 helmet of see invisible
  7102 | D:7      | Identified the +3 dagger "Moixt" {pain, rElec Will++ Str+4}
  7886 | D:6      | Reached skill level 8 in Axes
  8645 | D:7      | Noticed Pikel
  8675 | D:7      | Killed Pikel
  8676 | D:7      | Reached XP level 10. HP: 44/61 MP: 10/10
  8722 | D:7      | Reached skill level 9 in Axes
  9142 | D:7      | Found a staircase to the Ecumenical Temple.
  9144 | D:7      | Noticed Harold
  9147 | Temple   | Entered the Ecumenical Temple
  9186 | Temple   | Became a worshipper of Warmaster Okawaru
  9246 | D:7      | Killed Harold
  9246 | D:7      | Reached * piety under Okawaru
  9673 | D:7      | Found Doifobia's Antique Weapon Shop.
  9727 | D:8      | Noticed Prince Ribbit
  9745 | D:8      | Killed Prince Ribbit
  9847 | D:8      | Reached skill level 1 in Invocations
 10304 | D:8      | Found Uhue's Distillery.
 10312 | D:8      | Bought a potion of heal wounds for 55 gold pieces
 10318 | D:8      | Noticed a two-headed ogre
 10342 | D:8      | Killed a two-headed ogre
 10343 | D:8      | Reached skill level 5 in Evocations
 10462 | D:8      | Noticed a gargoyle
 10493 | D:8      | HP: 3/63 [gargoyle (16)]
 10496 | D:8      | Mangled by a gargoyle

Illustrated notes

Levels and vault maps discovered:
D:1:      heliophobic_arrival_henge, layout_loops_cross, minivault_4,
          nrook_uturn
D:2:      layout_basic, serial_undead, serial_undead_e, serial_undead_b,
          serial_undead_d, serial_undead_e, serial_undead_a, serial_undead_d,
          serial_undead_e, serial_undead_c
D:3:      layout_basic
D:4:      layout_cave_pools, gammafunk_ghost_icy,
          corexii_item_surrounded_by_moat
D:5:      layout_basic
D:6:      layout_loops_ring, serial_shops, shop, kennysheep_generic_room_6,
          uniq_menkaure
D:7:      layout_basic, temple_doors_e, serial_shops, shop_statue,
          minmay_ruffians, uniq_pikel, uniq_harold
D:8:      layout_loops_cross, serial_shops, nicolae_shop_crystal,
          minmay_misc_feat_tower, uniq_prince_ribbit1
Temple:   nicolae_temple_the_god_donut

Skill      XL: |  1  2  3  4  5  6  7  8  9 10 |
---------------+-------------------------------+-----
Axes           | 2 3 4 5 6 7 8 9 |  9.6
Shields        | 4 5 6 |  6.6
Fighting       | 4 5 6 7 |  7.5
Armour         | 4 5 6 7 |  7.8
Evocations     | 2 4 5 |  5.0
Invocations    | 1 |  1.9
Dodging        | |  0.2

Action                   |  1- 3 |  4- 6 |  7- 9 | 10-12 || total
-------------------------+-------+-------+-------+-------++-------
Melee: War axe           |   118 |   162 |   154 |       ||   434
       Hand axe          |       |       |   293 |   208 ||   501
  Use: Scroll            |       |     7 |     9 |       ||    16
       Potion            |       |       |       |     3 ||     3
Armor: Scale mail        |    75 |   109 |   251 |    27 ||   462
       Plate armour      |       |       |       |    67 ||    67
Dodge: Dodged            |    67 |   110 |   173 |    58 ||   408
Block: Buckler           |    32 |    55 |   120 |    47 ||   254

Table legend: (Time is in decaauts)
 A = Elapsed time spent in this place.
 B = Non-inter-level travel time spent in this place.
 C = Inter-level travel time spent in this place.
 D = Time resting spent in this place.
 E = Time spent auto-exploring this place.
 F = Levels seen in this place.
 G = Mean time per level.
                   A        B        C        D        E       F      G
               +--------+--------+--------+--------+--------+-----+--------+
         Total |  10578 |  10418 |    160 |   3176 |   4844 |   9 | 1175.3 |
       Dungeon |  10505 |  10345 |    160 |   3176 |   4844 |   8 | 1313.1 |
        Temple |     72 |     72 |      0 |      0 |      0 |   1 |   72.0 |
               +--------+--------+--------+--------+--------+-----+--------+

Top non-repeatable levels by time:
     D:6: 2708 daAuts
     D:5: 1894 daAuts
     D:7: 1553 daAuts
     D:1: 978 daAuts
     D:3: 936 daAuts
     D:4: 860 daAuts
     D:2: 824 daAuts
     D:8: 749 daAuts
  Temple: 72 daAuts
